 Dungeon Crawl Stone Soup version 0.26.1-11-gd32895ea62 (webtiles) character file.

Game seed: 17865325709512270224

118 Gwenloh the Changer (level 5, -3/34 (37) HPs)
             Began as a Merfolk Transmuter on May 1, 2021.
             Slain by a wight
             ... wielding a +2 battleaxe of freezing
              (4 damage)
             ... on level 6 of the Dungeon.
             The game lasted 00:08:02 (2959 turns).

Gwenloh the Changer (Merfolk Transmuter)            Turns: 2959, Time: 00:08:04

HP:   -3/34 (37)    AC:  4    Str: 10    XL:     5   Next: 2%
MP:   8/8           EV: 13    Int: 14    God:
Gold: 107           SH:  0    Dex: 14    Spells: 2/8 levels left

rFire    . . .     SeeInvis .   a - +0 hunting sling
rCold    . . .     Faith    .   (no shield)
rNeg     . . .     Spirit   .   c - +0 robe
rPois    .         Reflect  .   h - +2 hat
rElec    .         Harm     .   (no cloak)
rCorr    .         Rampage  .   (no gloves)
Will     .....                  (no boots)
Stlth    +.........             (no amulet)
HPRegen  0.11/turn              (no ring)
MPRegen  0.11/turn              (no ring)

@: drained
A: change form in water, swift swim, stealthy swim
a: no special abilities


You were on level 6 of the Dungeon.
You visited 1 branch of the dungeon, and saw 4 of its levels.

You collected 107 gold pieces.

Inventory:

Hand Weapons
 a - a +0 hunting sling (weapon)
Missiles
 d - 45 stones (quivered ammo)
 m - 14 sling bullets
Armour
 c - a +0 robe (worn)
 h - a +2 hat (worn)
Scrolls
 j - 2 scrolls of remove curse
Potions
 e - 2 potions of magic {unknown}
 g - a potion of curing {unknown}
 i - a potion of lignification {unknown}
 l - a potion of heal wounds {unknown}


   Skills:
 - Level 1.1 Fighting
 - Level 2.6 Dodging
 * Level 4.9 Unarmed Combat
 - Level 2.0 Spellcasting
 + Level 5.0 Transmutations
 + Level 0.0 Poison Magic


You had 2 spell levels left.
You knew the following spells:

 Your Spells              Type           Power        Failure   Level
a - Beastly Appendage     Tmut           30%          3%          1
b - Wereblood             Tmut           15%          4%          2
c - Spider Form           Tmut/Pois      4%           26%         3

Your spell library contained the following spells:

 Spells                   Type           Power        Failure   Level
 Ice Form                 Ice/Tmut       8%           63%         4
 Blade Hands              Tmut           7%           63%         5


Dungeon Overview and Level Annotations

Branches:
Dungeon (3/15)

Altars:
Hepliaklqana


Message History

The wight hits you from afar with a +2 trident.
The wight closely misses you. The wight hits you with a +2 trident.
You feel drained.
Okay, then.
As you read the scroll labelled POIGUF LATUDGH, it crumbles to dust.
It is a scroll of identify.
j - 2 scrolls of remove curse The wight misses you.
The wight hits you with a +3 mace. The wight misses you.
The wight closely misses you.
As you read the scroll labelled XUANUC RESIAMM, it crumbles to dust.
It is a scroll of enchant armour.
Your +1 hat glows green for a moment.
The wight hits you with a +2 trident!
You feel drained. The wight completely misses you.
As you read the scroll labelled OLEAREOTYR, it crumbles to dust.
The creatures around you are filled with an inner flame!
It was a scroll of immolation.
The wight hits you with a +2 battleaxe of freezing!
* * * LOW HITPOINT WARNING * * *
The wight freezes you.
You die...

########
####......#
#..#.)....#
#..#......#
#@z#......#
#zzz......#
#[.#......#
#####+#..[>.
.... ... ..
#


You could see 4 wights.

Vanquished Creatures
  4 gnolls
  2 adders (D:2)
  An ooze (D:2)
  A worm (D:2)
  2 dart slugs (D:2)
  A leopard gecko (D:2)
  An orc (D:3)
  5 bats
  3 giant cockroaches
  6 goblins
  7 hobgoblins
  3 jackals (D:2)
  3 kobolds (D:2)
  7 rats
46 creatures vanquished.

Notes
Turn   | Place    | Note
-------+----------+-------------------------------------------
     0 | D:1      | Gwenloh the Merfolk Transmuter began the quest for the Orb.
     0 | D:1      | Reached XP level 1. HP: 15/15 MP: 3/3
    68 | D:1      | Reached skill level 3 in Transmutations
   131 | D:1      | Reached XP level 2. HP: 3/21 MP: 3/5
   385 | D:1      | Learned a level 2 spell: Wereblood
   812 | D:1      | Reached XP level 3. HP: 26/26 MP: 6/6
  1416 | D:2      | Reached skill level 4 in Transmutations
  2031 | D:2      | Reached XP level 4. HP: 32/32 MP: 5/7
  2490 | D:2      | Reached skill level 5 in Transmutations
  2897 | D:2      | Learned a level 3 spell: Spider Form
  2907 | D:3      | Found a hazy altar of Hepliaklqana.
  2916 | D:2      | Reached XP level 5. HP: 37/37 MP: 8/8
  2948 | D:3      | You fall into a shaft and drop 3 floors!
  2959 | D:6      | HP: 1/34 [wight/+2 battleaxe of freezing (11)]
  2959 | D:6      | Slain by a wight

Illustrated notes

Levels and vault maps discovered:
D:1:      minmay_arrival_open_corners, layout_basic
D:2:      layout_rooms
D:3:      layout_rooms, overflow_temple_1_default, overflow_temple_1_default,
          lemuel_coloured_pillars_altar, gammafunk_ghost_cemetery
D:6:      minmay_general_purpose_star, layout_gridville, fedhas_altar_4,
          ebering_ghost_disaster_area

Skill      XL: |  1  2  3  4 |
---------------+-------------+-----
Transmutations | 3 4 5 |  5.0
Unarmed Combat | 4 |  4.9
Fighting       | |  1.1
Dodging        | |  2.6
Spellcasting   | |  2.0

Action                   |  1- 3 |  4- 6 || total
-------------------------+-------+-------++-------
Melee: Unarmed           |    13 |    44 ||    57
       Headbutt          |     2 |     3 ||     5
 Fire: Hunting sling     |    94 |    32 ||   126
 Cast: Beastly Appendage |     3 |     3 ||     6
       Wereblood         |     1 |     2 ||     3
  Use: Scroll            |       |     3 ||     3
Armor: Robe              |    13 |     7 ||    20
Dodge: Dodged            |    30 |    39 ||    69
